 Dungeon Crawl Stone Soup version 0.25-b1-41-g19641232cd (webtiles) character file.

Game seed: 14443058478953666845

3436 xccam the Martial Artist (level 10, -7/68 HPs)
             Began as an Octopode Transmuter on June 8, 2020.
             Was a Follower of Cheibriados.
             Mangled by a troll (10 damage)
             ... on level 9 of the Dungeon.
             The game lasted 00:21:53 (11239 turns).

xccam the Martial Artist (Octopode Transmuter)     Turns: 11239, Time: 00:21:54

Health: -7/68      AC:  1    Str: 12    XL:     10   Next: 5%
Magic:  14/17      EV: 16    Int: 26    God:    Cheibriados [*.....]
Gold:   538        SH:  0    Dex: 21    Spells: 13/19 levels left

rFire    + . .     SeeInvis .     - Unarmed
rCold    + . .     Gourm    .   (no shield)
rNeg     . . .     Faith    .   (helmet restricted)
rPois    .         Spirit   .   i - amulet of the acrobat
rElec    .         Reflect  .   v - +6 ring of intelligence
rCorr    .         Harm     .   u - ring of protection from fire
MR       .....                  k - ring of flight
Stlth    ++++......             w - +6 ring of dexterity
HPRegen  0.21/turn              y - ring of protection from cold
MPRegen  0.15/turn              (no ring)
                                (no ring)
                                (no ring)

@: appendage, marked, very slow
A: almost no armour, stealthy swim, amphibious, 8 rings, constrict 8, tentacle
spike 3, camouflage 1, gelatinous body 1
a: End Transformation, Bend Time, Renounce Religion, Evoke Flight


You were on level 9 of the Dungeon.
You worshipped Cheibriados.
Cheibriados was aware of your devotion.
You were not hungry.
One of your tentacles had a temporary spike.
You visited 2 branches of the dungeon, and saw 10 of its levels.

You collected 538 gold pieces.

Inventory:

Hand Weapons
 a - a +0 vorpal hunting sling
Missiles
 f - 62 stones (quivered)
 o - 136 arrows
 q - 19 sling bullets
Armour
 b - a cursed +0 buckler
Jewellery
 i - an amulet of the acrobat (around mantle)
 k - a ring of flight (on tentacle)
 u - a ring of protection from fire (right tentacle)
 v - a +6 ring of intelligence (left tentacle)
 w - a +6 ring of dexterity (on tentacle)
 y - a ring of protection from cold (on tentacle)
Wands
 l - a wand of paralysis (4)
 t - a wand of polymorph (6)
Scrolls
 d - a scroll of immolation
 g - a scroll of fear
 j - a scroll of enchant armour
 m - a scroll of identify
 n - 2 scrolls of teleportation
 x - a scroll of amnesia
Potions
 e - a potion of cancellation
 h - a potion of resistance
 r - a potion of flight
Comestibles
 c - 14 rations
 p - 2 chunks of flesh


   Skills:
 - Level 6.0 Fighting
 + Level 2.2 Slings
 + Level 3.8 Dodging
 + Level 4.6 Stealth
 + Level 3.2 Shields
 - Level 8.0 Unarmed Combat
 - Level 5.0 Spellcasting
 + Level 6.4 Transmutations


You had 13 spell levels left.
You knew the following spells:

 Your Spells              Type           Power        Failure   Level  Hunger
a - Beastly Appendage     Tmut           #####.       1%          1    None
b - Sticks to Snakes      Tmut           #####...     1%          2    None
c - Spider Form           Tmut/Pois      ###.......   6%          3    #......

Your spell library contained the following spells:

 Spells                   Type           Power        Failure   Level  Hunger
 Summon Small Mammal      Summ           #...         8%          1    None
 Call Imp                 Summ           #.......     12%         2    None
 Blade Hands              Tmut           #####.....   16%         5    #####..
 Ice Form                 Ice/Tmut       ###.....     21%         4    ###....
 Petrify                  Tmut/Erth      ###.....     21%         4    ###....
 Call Canine Familiar     Summ           #.......     22%         3    #......
 Confusing Touch          Hex            #.......     22%         3    #......
 Gell's Gravitas          Tloc           #.........   22%         3    #......
 Summon Guardian Golem    Hex/Summ       #.......     22%         3    #......
 Yara's Violent Unravell  Hex/Tmut       ###.......   50%         5    #####..
 Summon Ice Beast         Ice/Summ       #.......     58%         4    ###....
 Summon Lightning Spire   Summ/Air       #.......     58%         4    ###....
 Metabolic Englaciation   Hex/Ice        #.........   91%         5    #####..


Dungeon Overview and Level Annotations

Branches:
Dungeon (9/15)             Temple (1/1) D:7
   Lair: D:8-11         Orc: D:9-12

Altars:
Ashenzari
Cheibriados
Dithmenos
Elyvilon
Fedhas
Gozag
Hepliaklqana
Kikubaaqudgha
Makhleb
Nemelex Xobeh
Okawaru
Qazlal
Ru
Sif Muna
Trog
Uskayaw
Vehumet
Wu Jian
Xom
Yredelemnul
Zin
The Shining One


Innate Abilities, Weirdness & Mutations

You cannot wear most types of armour.
You are very stealthy in the water. (Stealth+)
You are amphibious.
You can wear up to eight rings at the same time.
You can use your tentacles to constrict eight enemies at once.
Your skin changes colour to match your surroundings (Stealth+).
Your rubbery body absorbs attacks. (AC +1, EV +1)
One of your tentacles bears a large vicious spike.


Message History

You bludgeon the kobold!
You kill the kobold!
Cheibriados appreciates the change of pace.
You bludgeon the troll! You squeeze the troll.
The troll is moderately wounded.
The troll bites you! The troll barely misses you. The troll claws you!
You tentacle-slap the troll. You squeeze the troll.
The troll is heavily wounded.
The troll bites you! The troll closely misses you. The troll claws you.
You tentacle-slap the troll.
You pierce the troll.
You squeeze the troll, but do no damage.
The troll is severely wounded.
The troll bites you!
* * * LOW HITPOINT WARNING * * *
The troll barely misses you. The troll claws you!
* * * LOW HITPOINT WARNING * * *
Okay, then.
The flow of time bends around you.
The troll resists with some effort.
You feel slightly more hungry. The troll bites you!
You die...

#.#
#.#
#.#
#.#
#รท#
####
#.#
...#
#.#
.#.#
#(#
...#
#@#
.###
#T#
...#
#K#
.#.#
#(#
##.#
#(#
##.#
#(#
##.#
#(#
#.#
((#
#.#


You could see a troll and a kobold.

Vanquished Creatures
  A two-headed ogre (D:5)
  An unseen horror (D:9)
  A hippogriff (D:4)
  Duvessa (D:4)
  2 orc warriors
  A sky beast (D:8)
  2 phantoms (D:6)
  2 ogres
  A centaur (D:6)
  A big kobold (D:9)
  2 bullfrogs (D:6)
  Dowan (D:4)
  A scorpion (D:7)
  4 killer bees (D:9)
  A howler monkey (D:2)
  A bullfrog zombie (D:5)
  2 hounds
  A quasit (D:6)
  2 orc priests (D:6)
  A jelly (D:9)
  6 orc wizards
  Crazy Yiuf (D:5)
  3 iguanas
  5 worker ants
  7 gnolls
  11 adders
  2 shadow imps (D:5)
  2 oozes
  An adder skeleton (D:5)
  A worm (D:2)
  5 leopard geckos
  21 orcs
  2 ball pythons
  6 giant cockroaches
  4 goblins
  4 hobgoblins
  16 jackals
  5 quokkas
  5 bats
  2 frilled lizards
  8 kobolds
  A quokka skeleton (D:6)
  5 rats
152 creatures vanquished.

Vanquished Creatures (collateral kills)
  An ogre (D:4)
  A gnoll (D:3)
2 creatures vanquished.

Grand Total: 154 creatures vanquished

Notes
Turn   | Place    | Note
-------+----------+-------------------------------------------
     0 | D:1      | xccam the Octopode Transmuter began the quest for the Orb.
     0 | D:1      | Reached XP level 1. HP: 13/13 MP: 3/3
   170 | D:1      | Reached XP level 2. HP: 14/18 MP: 5/5
   345 | D:1      | Learned a level 2 spell: Sticks to Snakes
   734 | D:2      | Reached skill level 4 in Unarmed Combat
   863 | D:2      | Reached XP level 3. HP: 19/23 MP: 6/6
  1552 | D:2      | Reached XP level 4. HP: 17/28 MP: 5/7
  1687 | D:2      | Reached skill level 5 in Unarmed Combat
  2661 | D:3      | Reached XP level 5. HP: 26/33 MP: 8/8
  2962 | D:2      | Reached skill level 6 in Unarmed Combat
  3573 | D:4      | Noticed Duvessa
  3573 | D:4      | Noticed Dowan
  3581 | D:4      | Killed Duvessa
  3581 | D:4      | Reached skill level 7 in Unarmed Combat
  3581 | D:4      | Reached XP level 6. HP: 10/38 MP: 5/9
  3828 | D:4      | Killed Dowan
  3990 | D:4      | Reached XP level 7. HP: 31/43 MP: 6/10
  4281 | D:4      | Noticed a hippogriff
  4294 | D:4      | Killed a hippogriff
  4294 | D:4      | Reached skill level 8 in Unarmed Combat
  4833 | D:5      | Entered Level 5 of the Dungeon
  5372 | D:5      | Reached XP level 8. HP: 40/51 MP: 10/12
  5384 | D:5      | Found a runed translucent door.
  5385 | D:5      | Noticed Crazy Yiuf
  5391 | D:5      | Killed Crazy Yiuf
  6084 | D:6      | Noticed a two-headed ogre
  7468 | D:6      | Reached skill level 5 in Transmutations
  7850 | D:7      | Reached XP level 9. HP: 47/60 MP: 11/16
  8143 | D:7      | Found a staircase to the Ecumenical Temple.
  8201 | Temple   | Entered the Ecumenical Temple
  8422 | Temple   | Became a worshipper of Cheibriados the Contemplative
  8503 | D:7      | Reached skill level 5 in Fighting
  8503 | D:7      | Reached skill level 1 in Stealth
  9013 | D:8      | Learned a level 3 spell: Spider Form
  9068 | D:8      | Reached skill level 5 in Spellcasting
  9257 | D:8      | Reached skill level 1 in Shields
  9519 | D:8      | Found a sacrificial altar of Ru.
  9943 | D:5      | Killed a two-headed ogre
 10289 | D:9      | Killed an unseen horror
 10289 | D:9      | Reached skill level 1 in Slings
 11015 | D:9      | Reached XP level 10. HP: 56/68 MP: 15/17
 11025 | D:9      | Reached * piety under Cheibriados
 11238 | D:9      | HP: 3/68 [troll (7)]
 11239 | D:9      | Mangled by a troll

Illustrated notes

Levels and vault maps discovered:
D:1:      noname_arrival_rooms_in_the_neighbourhood, layout_rooms, hex_large
D:2:      layout_basic
D:3:      layout_basic, first_ration
D:4:      layout_loops_cross, uniq_duvessa
D:5:      layout_loops_ring, uniq_crazy_yiuf_cottage
D:6:      layout_basic, minmay_misc_feat_nine_boxes
D:7:      layout_basic, temple_statues, minivault_24
D:8:      layout_gridville, lemuel_round_altar
D:9:      layout_basic, serial_shops, shop
Temple:   roderic_octagonal_lattice_temple

Skill      XL: |  1  2  3  4  5  6  7  8  9 10 |
---------------+-------------------------------+-----
Unarmed Combat | 4 5 7 8 |  8.0
Fighting       | 2 4 5 6 |  6.0
Transmutations | 3 5 6 |  6.4
Spellcasting   | 3 4 5 |  5.0
Stealth        | 4 |  4.6
Shields        | 3 |  3.2
Slings         | 1 2 |  2.2
Dodging        | 3 |  3.8

Action                   |  1- 3 |  4- 6 |  7- 9 | 10-12 || total
-------------------------+-------+-------+-------+-------++-------
Melee: Unarmed           |    73 |   102 |   269 |    16 ||   460
       Constrict         |    16 |    27 |    52 |     3 ||    98
       Tentacles         |    14 |    18 |    40 |     6 ||    78
       Punch             |     1 |     4 |    23 |     1 ||    29
       Kick              |     1 |    13 |    31 |     3 ||    48
       Hunting sling     |       |       |     1 |       ||     1
 Fire: Hunting sling     |       |       |    19 |    15 ||    34
 Cast: Beastly Appendage |     2 |    11 |    16 |     1 ||    30
       Sticks to Snakes  |       |     6 |    19 |       ||    25
Invok: Bend Time         |       |       |       |     1 ||     1
Evoke: Wand              |       |       |     1 |       ||     1
  Use: Scroll            |     2 |     4 |    11 |       ||    17
       Potion            |       |       |    11 |       ||    11
 Stab: Sleeping          |     6 |     1 |     2 |       ||     9
       Paralysed         |       |       |     5 |       ||     5
  Eat: Chunk             |     2 |     8 |    16 |     2 ||    28
       Ration            |       |       |     2 |       ||     2
Armor: Skin              |     6 |     4 |    32 |       ||    42
Dodge: Dodged            |    43 |    79 |   199 |     8 ||   329
